3209 views
Uploaded 2019-12-01 20:45:06
Game version 1.32.0.2 / 1.32.0.2.1
44:29 long 3on3 ladder game on (6)Monsoon_LV
Saved by BEARAND
3209 views
Uploaded 2019-12-01 20:45:06
Game version 1.32.0.2 / 1.32.0.2.1
44:29 long 3on3 ladder game on (6)Monsoon_LV


62 units @ 4.9k
/ 0.1k
186 buildings @ 15.8k
/ 9.4k



x1)
| Scroll of Regeneration | 2 | 200 |
| Staff of Sanctuary | 4 | 1000 |
| Boots of Speed | 3 | 750 |
| Staff of Teleportation | 3 | 450 |
| Tome of Retraining | 1 | 300 |
| Healing Salve | 1 | 100 |
| Orb of Lightning | 2 | 750 |
| total: | 16 | 3550g |
| Peasant | 18 | 1350 | / | 0 |
| Priest | 1 | 135 | / | 10 |
| total: | 19 | 1485g | / | 10w |
| Scout Tower | 42 | 1260 | / | 840 |
| Arcane Tower | 7 | 490 | / | 350 |
| Guard Tower | 23 | 1610 | / | 1150 |
| Altar of Kings | 2 | 360 | / | 100 |
| Farm | 6 | 480 | / | 120 |
| Lumber Mill | 1 | 120 | / | 0 |
| Arcane Vault | 1 | 130 | / | 30 |
| Town Hall | 1 | 385 | / | 205 |
| Arcane Sanctum | 1 | 150 | / | 140 |
| Keep | 1 | 320 | / | 210 |
| Castle | 1 | 360 | / | 210 |
| total: | 54 | 2885g | / | 1435w |
| 0:02 | Peasant |
| 0:02 | Peasant |
| 0:06 | Altar of Kings |
| 0:08 | Altar of Kings |
| 0:18 | Farm |
| 0:27 | Peasant |
| 0:34 | Lumber Mill |
| 0:35 | Peasant |
| 0:38 | Farm |
| 0:48 | Peasant |
| 1:03 | Peasant |
| 1:19 | Peasant |
| 1:31 | Scout Tower |
| 1:35 | Peasant |
| 1:37 | Peasant |
| 1:46 | Scout Tower |
| 1:58 | Arcane Vault |
| 2:00 | Arcane Tower |
| 2:01 | Scout Tower |
| 2:10 | Summon Water Elemental |
| 2:18 | Guard Tower |
| 2:22 | Peasant |
| 2:22 | Peasant |
| 2:23 | Peasant |
| 2:31 | Guard Tower |
| 2:34 | Scout Tower |
| 2:41 | Scout Tower |
| 3:32 | Brilliance Aura |
| 3:34 | Keep |
| 3:35 | Scroll of Regeneration |
| 3:44 | Scout Tower |
| 3:51 | Improved Masonry |
| 3:55 | Farm |
| 4:03 | Guard Tower |
| 4:05 | Guard Tower |
| 4:19 | Boots of Speed |
| 4:19 | Staff of Teleportation |
| 4:24 | Guard Tower |
| 4:27 | Scout Tower |
| 4:29 | Scout Tower |
| 5:35 | Scroll of Regeneration |
| 5:45 | Town Hall |
| 5:52 | Guard Tower |
| 5:52 | Guard Tower |
| 6:25 | Peasant |
| 6:26 | Peasant |
| 6:26 | Peasant |
| 6:27 | Peasant |
| 6:27 | Peasant |
| 6:47 | Improved Lumber Harvesting |
| 7:38 | Scout Tower |
| 7:39 | Scout Tower |
| 7:39 | Scout Tower |
| 7:40 | Scout Tower |
| 7:40 | Scout Tower |
| 7:41 | Scout Tower |
| 8:00 | Peasant |
| 8:02 | Advanced Masonry |
| 8:15 | Storm Bolt |
| 8:35 | Castle |
| 8:55 | Guard Tower |
| 9:03 | Arcane Sanctum |
| 9:10 | Summon Water Elemental |
| 9:23 | Farm |
| 9:26 | Farm |
| 9:29 | Farm |
| 9:47 | Boots of Speed |
| 10:22 | Magic Sentry |
| 10:22 | Priest |
| 10:23 | Priest Adept Training |
| 10:26 | Guard Tower |
| 10:29 | Scout Tower |
| 10:30 | Scout Tower |
| 10:31 | Scout Tower |
| 10:32 | Scout Tower |
| 10:32 | Scout Tower |
| 10:33 | Scout Tower |
| 10:34 | Scout Tower |
| 11:06 | Guard Tower |
| 11:12 | Imbued Masonry |
| 11:13 | Advanced Lumber Harvesting |
| 11:16 | Scout Tower |
| 11:17 | Scout Tower |
| 11:18 | Scout Tower |
| 11:18 | Scout Tower |
| 11:20 | Scout Tower |
| 11:21 | Scout Tower |
| 11:22 | Scout Tower |
| 11:23 | Scout Tower |
| 11:40 | Staff of Teleportation |
| 11:53 | Guard Tower |
| 11:58 | Arcane Tower |
| 12:07 | Holy Light |
| 12:14 | Staff of Sanctuary |
| 12:56 | Bash |
| 13:03 | Guard Tower |
| 13:03 | Guard Tower |
| 13:06 | Guard Tower |
| 14:20 | Healing Salve |
| 14:24 | Staff of Sanctuary |
| 14:31 | Scout Tower |
| 14:32 | Scout Tower |
| 14:33 | Scout Tower |
| 14:33 | Scout Tower |
| 14:38 | Scout Tower |
| 14:39 | Scout Tower |
| 14:40 | Scout Tower |
| 14:41 | Scout Tower |
| 14:41 | Scout Tower |
| 14:42 | Scout Tower |
| 14:48 | Orb of Lightning |
| 14:57 | Staff of Sanctuary |
| 15:01 | Guard Tower |
| 15:02 | Guard Tower |
| 16:20 | Tome of Retraining |
| 16:20 | Retrain Hero |
| 16:23 | Blizzard |
| 16:23 | Brilliance Aura |
| 16:23 | Blizzard |
| 16:25 | Staff of Teleportation |
| 16:50 | Orb of Lightning |
| 16:59 | Staff of Sanctuary |
| 18:17 | Arcane Tower |
| 18:18 | Arcane Tower |
| 19:02 | Guard Tower |
| 19:16 | Scout Tower |
| 19:17 | Scout Tower |
| 19:17 | Scout Tower |
| 20:16 | Boots of Speed |
| 20:56 | Arcane Tower |
| 20:57 | Arcane Tower |
| 20:57 | Guard Tower |
| 23:51 | Divine Shield |
| 24:00 | Storm Bolt |
| 24:52 | Brilliance Aura |
| 27:45 | Holy Light |
| 30:40 | Bash |
| 32:18 | Brilliance Aura |
| 34:03 | Divine Shield |
| 34:17 | Guard Tower |
| 38:42 | Storm Bolt |
| 44:27 | Mass Teleport |
| Right click | 3834 |
| Select | 788 |
| Select group | 780 |
| Chat | 643 |
| Build/train/purchase | 210 |
| Use ability | 153 |
| Assign group | 21 |
| Minimap ping | 17 |
| Item give/drop | 14 |
| Misc. action | 12 |
| Esc | 2 |



| Healing Salve | 1 | 100 |
| Lesser Clarity Potion | 1 | 70 |
| Orb of Lightning | 1 | 375 |
| Boots of Speed | 3 | 750 |
| Staff of Teleportation | 1 | 150 |
| Circlet of Nobility | 1 | 175 |
| Orb of Fire | 1 | 325 |
| Staff of Sanctuary | 1 | 250 |
| total: | 10 | 2195g |
| Peon | 20 | 1500 | / | 0 |
| Shaman | 3 | 390 | / | 60 |
| total: | 23 | 1890g | / | 60w |
| Watch Tower | 68 | 7480 | / | 5440 |
| Altar of Storms | 1 | 180 | / | 50 |
| Orc Burrow | 3 | 480 | / | 120 |
| War Mill | 1 | 205 | / | 0 |
| Voodoo Lounge | 4 | 520 | / | 120 |
| Great Hall | 3 | 1155 | / | 555 |
| Spirit Lodge | 2 | 300 | / | 300 |
| Stronghold | 1 | 315 | / | 190 |
| Fortress | 1 | 325 | / | 190 |
| total: | 82 | 10320g | / | 6585w |
| 0:02 | Peon |
| 0:02 | Peon |
| 0:05 | Altar of Storms |
| 0:18 | Orc Burrow |
| 0:20 | Peon |
| 0:34 | Peon |
| 0:50 | Peon |
| 0:59 | War Mill |
| 1:05 | Voodoo Lounge |
| 1:15 | Peon |
| 1:31 | Peon |
| 1:37 | Peon |
| 1:46 | Orc Burrow |
| 1:50 | Peon |
| 2:09 | War Stomp |
| 2:15 | Watch Tower |
| 2:18 | Peon |
| 2:31 | Peon |
| 2:45 | Watch Tower |
| 2:53 | Peon |
| 3:15 | Peon |
| 3:15 | Peon |
| 3:21 | Watch Tower |
| 3:48 | Watch Tower |
| 4:22 | Stronghold |
| 4:25 | Watch Tower |
| 4:26 | Watch Tower |
| 4:34 | Orc Burrow |
| 4:36 | Healing Salve |
| 4:37 | Lesser Clarity Potion |
| 4:58 | Watch Tower |
| 5:34 | Watch Tower |
| 5:48 | Voodoo Lounge |
| 6:03 | Watch Tower |
| 6:22 | Endurance Aura |
| 6:31 | Watch Tower |
| 6:47 | Watch Tower |
| 6:56 | Great Hall |
| 6:58 | Peon |
| 6:58 | Peon |
| 7:11 | Watch Tower |
| 7:20 | Watch Tower |
| 7:42 | Watch Tower |
| 7:48 | Hex |
| 8:00 | Watch Tower |
| 8:29 | Watch Tower |
| 8:32 | Reinforced Defenses |
| 8:32 | Spiked Barricades |
| 8:45 | Voodoo Lounge |
| 8:48 | Fortress |
| 9:01 | Watch Tower |
| 9:10 | Watch Tower |
| 9:33 | Watch Tower |
| 9:43 | Boots of Speed |
| 10:09 | Watch Tower |
| 10:10 | Peon |
| 10:10 | Peon |
| 10:10 | Peon |
| 10:11 | Peon |
| 10:32 | Watch Tower |
| 10:43 | Watch Tower |
| 11:13 | Watch Tower |
| 11:17 | Spirit Lodge |
| 11:25 | War Stomp |
| 11:27 | Healing Wave |
| 11:39 | Watch Tower |
| 11:46 | Watch Tower |
| 11:50 | Watch Tower |
| 12:10 | Improved Spiked Barricades |
| 12:18 | Spirit Lodge |
| 12:21 | Watch Tower |
| 12:55 | Watch Tower |
| 12:57 | Watch Tower |
| 13:07 | Cluster Rockets |
| 13:21 | Watch Tower |
| 14:03 | Shaman Adept Training |
| 14:09 | Watch Tower |
| 14:14 | Watch Tower |
| 14:30 | Boots of Speed |
| 14:30 | Boots of Speed |
| 14:34 | Watch Tower |
| 14:39 | Shaman |
| 14:40 | Shaman |
| 14:56 | Orb of Lightning |
| 15:04 | Shaman |
| 16:27 | Watch Tower |
| 17:33 | Orb of Fire |
| 17:33 | Staff of Sanctuary |
| 17:38 | Watch Tower |
| 17:54 | Shaman Master Training |
| 18:58 | Watch Tower |
| 19:25 | Staff of Teleportation |
| 19:35 | Circlet of Nobility |
| 20:06 | Watch Tower |
| 21:23 | Watch Tower |
| 22:29 | Watch Tower |
| 23:42 | Voodoo Lounge |
| 24:32 | Hex |
| 24:54 | Watch Tower |
| 24:57 | Watch Tower |
| 25:00 | Watch Tower |
| 25:09 | Watch Tower |
| 26:28 | Engineering Upgrade |
| 26:36 | Watch Tower |
| 26:37 | Watch Tower |
| 27:41 | Watch Tower |
| 27:42 | Watch Tower |
| 27:55 | Endurance Aura |
| 29:25 | Watch Tower |
| 29:30 | Watch Tower |
| 29:34 | Watch Tower |
| 29:58 | Engineering Upgrade |
| 30:42 | Watch Tower |
| 30:57 | Watch Tower |
| 31:06 | Watch Tower |
| 31:43 | Healing Wave |
| 32:29 | Great Hall |
| 32:31 | Watch Tower |
| 32:32 | Watch Tower |
| 33:48 | War Stomp |
| 34:19 | Cluster Rockets |
| 34:39 | Watch Tower |
| 35:09 | Watch Tower |
| 35:47 | Watch Tower |
| 36:24 | Healing Wave |
| 36:35 | Great Hall |
| 36:55 | Watch Tower |
| 36:56 | Watch Tower |
| 36:58 | Watch Tower |
| 37:21 | Watch Tower |
| 37:44 | Watch Tower |
| 38:01 | Watch Tower |
| 38:16 | Watch Tower |
| 38:19 | Watch Tower |
| 38:26 | Watch Tower |
| 39:10 | Pillage |
| 40:01 | Watch Tower |
| Right click | 3403 |
| Select group | 902 |
| Select | 751 |
| Chat | 679 |
| Misc. action | 380 |
| Build/train/purchase | 100 |
| Use ability | 95 |
| Minimap ping | 7 |
| Assign group | 6 |
| Item give/drop | 5 |
| Esc | 4 |



x1)
| Orb of Fire | 3 | 975 |
| Staff of Sanctuary | 6 | 1500 |
| Boots of Speed | 3 | 750 |
| Staff of Teleportation | 4 | 600 |
| Circlet of Nobility | 2 | 350 |
| Periapt of Vitality | 1 | 325 |
| Tome of Retraining | 1 | 300 |
| Healing Salve | 1 | 100 |
| Orb of Lightning | 1 | 375 |
| total: | 22 | 5275g |
| Peasant | 19 | 1425 | / | 0 |
| Priest | 1 | 135 | / | 10 |
| total: | 20 | 1560g | / | 10w |
| Scout Tower | 41 | 1230 | / | 820 |
| Arcane Tower | 9 | 630 | / | 450 |
| Guard Tower | 14 | 980 | / | 700 |
| Altar of Kings | 1 | 180 | / | 50 |
| Lumber Mill | 1 | 120 | / | 0 |
| Farm | 3 | 240 | / | 60 |
| Arcane Vault | 2 | 260 | / | 60 |
| Town Hall | 1 | 385 | / | 205 |
| Arcane Sanctum | 1 | 150 | / | 140 |
| Keep | 1 | 320 | / | 210 |
| Castle | 1 | 360 | / | 210 |
| total: | 50 | 2565g | / | 1335w |
| 0:03 | Peasant |
| 0:07 | Altar of Kings |
| 0:11 | Peasant |
| 0:15 | Peasant |
| 0:25 | Lumber Mill |
| 0:27 | Peasant |
| 0:39 | Farm |
| 0:41 | Peasant |
| 0:50 | Peasant |
| 0:56 | Peasant |
| 1:03 | Farm |
| 1:16 | Arcane Vault |
| 1:41 | Peasant |
| 1:43 | Improved Masonry |
| 1:49 | Peasant |
| 2:01 | Peasant |
| 2:22 | Summon Water Elemental |
| 2:27 | Scout Tower |
| 2:39 | Peasant |
| 2:41 | Peasant |
| 2:41 | Peasant |
| 2:51 | Scout Tower |
| 2:53 | Arcane Tower |
| 3:20 | Peasant |
| 3:21 | Guard Tower |
| 3:23 | Scout Tower |
| 3:35 | Brilliance Aura |
| 3:46 | Keep |
| 3:52 | Scout Tower |
| 3:53 | Guard Tower |
| 4:29 | Scout Tower |
| 4:30 | Scout Tower |
| 4:32 | Guard Tower |
| 5:19 | Scout Tower |
| 5:19 | Scout Tower |
| 5:53 | Boots of Speed |
| 6:03 | Town Hall |
| 6:06 | Guard Tower |
| 6:15 | Guard Tower |
| 6:17 | Scout Tower |
| 6:17 | Scout Tower |
| 6:18 | Scout Tower |
| 6:30 | Summon Water Elemental |
| 6:51 | Advanced Masonry |
| 6:51 | Improved Lumber Harvesting |
| 6:56 | Farm |
| 7:00 | Castle |
| 7:11 | Arcane Tower |
| 7:17 | Healing Salve |
| 7:41 | Guard Tower |
| 7:51 | Staff of Teleportation |
| 7:59 | Scout Tower |
| 8:00 | Scout Tower |
| 8:03 | Peasant |
| 8:03 | Peasant |
| 8:03 | Peasant |
| 8:46 | Arcane Sanctum |
| 8:58 | Peasant |
| 8:59 | Peasant |
| 9:00 | Guard Tower |
| 9:01 | Scout Tower |
| 9:02 | Scout Tower |
| 9:03 | Scout Tower |
| 9:09 | Arcane Vault |
| 9:35 | Storm Bolt |
| 9:38 | Orb of Fire |
| 9:38 | Staff of Sanctuary |
| 9:50 | Staff of Sanctuary |
| 9:50 | Staff of Sanctuary |
| 10:17 | Imbued Masonry |
| 10:18 | Advanced Lumber Harvesting |
| 10:24 | Guard Tower |
| 10:26 | Scout Tower |
| 10:27 | Scout Tower |
| 10:28 | Scout Tower |
| 10:29 | Scout Tower |
| 10:29 | Scout Tower |
| 10:30 | Scout Tower |
| 10:30 | Scout Tower |
| 10:31 | Scout Tower |
| 10:33 | Holy Light |
| 10:39 | Staff of Teleportation |
| 10:39 | Staff of Teleportation |
| 10:57 | Boots of Speed |
| 11:08 | Orb of Fire |
| 11:08 | Orb of Fire |
| 11:21 | Staff of Sanctuary |
| 11:21 | Staff of Sanctuary |
| 11:56 | Priest Adept Training |
| 11:56 | Priest |
| 12:03 | Scout Tower |
| 12:04 | Scout Tower |
| 12:04 | Scout Tower |
| 12:15 | Boots of Speed |
| 12:19 | Circlet of Nobility |
| 12:23 | Orb of Lightning |
| 12:36 | Arcane Tower |
| 12:37 | Guard Tower |
| 12:39 | Magic Sentry |
| 12:47 | Staff of Teleportation |
| 12:59 | Periapt of Vitality |
| 13:13 | Guard Tower |
| 13:16 | Scout Tower |
| 13:17 | Scout Tower |
| 13:18 | Scout Tower |
| 13:55 | Priest Master Training |
| 13:56 | Sorceress Adept Training |
| 13:59 | Guard Tower |
| 14:01 | Tome of Retraining |
| 14:01 | Retrain Hero |
| 14:03 | Blizzard |
| 14:03 | Brilliance Aura |
| 14:26 | Circlet of Nobility |
| 14:33 | Staff of Sanctuary |
| 14:40 | Guard Tower |
| 14:43 | Scout Tower |
| 14:43 | Scout Tower |
| 14:44 | Scout Tower |
| 14:57 | Scout Tower |
| 16:24 | Guard Tower |
| 16:26 | Scout Tower |
| 16:27 | Scout Tower |
| 18:44 | Bash |
| 18:49 | Arcane Tower |
| 19:25 | Scout Tower |
| 19:26 | Scout Tower |
| 20:42 | Arcane Tower |
| 21:03 | Arcane Tower |
| 21:06 | Scout Tower |
| 21:07 | Scout Tower |
| 21:08 | Scout Tower |
| 21:29 | Brilliance Aura |
| 21:32 | Divine Shield |
| 22:28 | Arcane Tower |
| 22:35 | Arcane Tower |
| 24:02 | Storm Bolt |
| 25:00 | Holy Light |
| 29:30 | Blizzard |
| 29:34 | Bash |
| 30:01 | Divine Shield |
| 35:39 | Storm Bolt |
| 36:10 | Brilliance Aura |
| 37:17 | Holy Light |
| Right click | 2581 |
| Select group | 2046 |
| Select | 405 |
| Assign group | 275 |
| Use ability | 179 |
| Build/train/purchase | 163 |
| Misc. action | 95 |
| Chat | 28 |
| Item give/drop | 10 |
| Minimap ping | 1 |
263 units @ 41.2k
/ 5k
94 buildings @ 10.4k
/ 4.6k


| Peon | 20 | 1500 | / | 0 |
| Grunt | 12 | 2400 | / | 0 |
| Troll Headhunter | 9 | 1260 | / | 180 |
| Demolisher | 4 | 880 | / | 200 |
| Tauren | 4 | 1120 | / | 320 |
| Wind Rider | 14 | 3710 | / | 560 |
| total: | 63 | 10870g | / | 1260w |
| Watch Tower | 3 | 330 | / | 240 |
| Altar of Storms | 1 | 180 | / | 50 |
| Orc Burrow | 7 | 1120 | / | 280 |
| Barracks | 2 | 360 | / | 100 |
| War Mill | 1 | 205 | / | 0 |
| Great Hall | 1 | 385 | / | 185 |
| Tauren Totem | 1 | 135 | / | 155 |
| Beastiary | 1 | 145 | / | 140 |
| Stronghold | 1 | 315 | / | 190 |
| Fortress | 1 | 325 | / | 190 |
| total: | 17 | 2860g | / | 1150w |
| 0:04 | Altar of Storms |
| 0:07 | Orc Burrow |
| 0:09 | Peon |
| 0:10 | Peon |
| 0:44 | Peon |
| 0:44 | Peon |
| 1:23 | Barracks |
| 1:25 | Peon |
| 1:25 | Peon |
| 1:28 | Orc Burrow |
| 2:27 | Grunt |
| 2:27 | Grunt |
| 2:34 | War Mill |
| 2:41 | Peon |
| 2:51 | Healing Wave |
| 3:00 | Grunt |
| 3:12 | Orc Burrow |
| 3:37 | Stronghold |
| 4:43 | Hex |
| 4:53 | Troll Headhunter |
| 4:53 | Troll Headhunter |
| 4:54 | Troll Headhunter |
| 4:58 | Orc Burrow |
| 5:04 | Troll Headhunter |
| 5:27 | Steel Armor |
| 5:31 | Steel Melee Weapons |
| 6:29 | Healing Wave |
| 7:00 | Great Hall |
| 7:05 | Troll Headhunter |
| 7:05 | Troll Headhunter |
| 7:17 | Thorium Armor |
| 7:29 | Watch Tower |
| 7:34 | Peon |
| 7:34 | Peon |
| 7:34 | Peon |
| 7:58 | Berserker Strength |
| 8:10 | Endurance Aura |
| 9:06 | Watch Tower |
| 9:10 | Watch Tower |
| 10:01 | Peon |
| 10:02 | Peon |
| 10:02 | Peon |
| 10:15 | Tauren Totem |
| 11:12 | Steel Ranged Weapons |
| 11:14 | Troll Regeneration |
| 11:19 | Barracks |
| 11:24 | Reinforced Defenses |
| 11:38 | Peon |
| 11:38 | Peon |
| 11:43 | Peon |
| 11:43 | Peon |
| 11:43 | Peon |
| 11:48 | Orc Burrow |
| 11:52 | Orc Burrow |
| 12:39 | Peon |
| 12:39 | Peon |
| 12:44 | Troll Headhunter |
| 12:44 | Troll Headhunter |
| 12:44 | Troll Headhunter |
| 12:45 | Grunt |
| 12:46 | Grunt |
| 12:46 | Grunt |
| 12:46 | Grunt |
| 12:47 | Grunt |
| 12:51 | Grunt |
| 12:51 | Grunt |
| 12:51 | Grunt |
| 12:52 | Grunt |
| 13:09 | Thorium Melee Weapons |
| 13:24 | Arcanite Armor |
| 14:01 | Hex |
| 14:12 | Shockwave |
| 14:13 | Endurance Aura |
| 14:30 | Fortress |
| 17:01 | Burning Oil |
| 17:04 | Thorium Ranged Weapons |
| 18:59 | Beastiary |
| 19:21 | Demolisher |
| 19:22 | Demolisher |
| 19:22 | Demolisher |
| 19:49 | Pulverize |
| 20:21 | Orc Burrow |
| 21:30 | Arcanite Ranged Weapons |
| 23:12 | Tauren |
| 23:13 | Tauren |
| 24:26 | Tauren |
| 24:26 | Tauren |
| 24:31 | Wind Rider |
| 24:31 | Wind Rider |
| 24:31 | Wind Rider |
| 24:32 | Wind Rider |
| 24:33 | Wind Rider |
| 24:33 | Wind Rider |
| 25:16 | Arcanite Melee Weapons |
| 25:30 | Envenomed Spears |
| 27:10 | Spiked Barricades |
| 27:13 | Berserker Upgrade |
| 28:56 | Wind Rider |
| 28:56 | Wind Rider |
| 28:56 | Wind Rider |
| 32:23 | Demolisher |
| 34:06 | Wind Rider |
| 34:07 | Wind Rider |
| 34:07 | Wind Rider |
| 34:07 | Wind Rider |
| 34:07 | Wind Rider |
| Chat | 895 |
| Right click | 812 |
| Select | 512 |
| Build/train/purchase | 97 |
| Use ability | 53 |
| Misc. action | 34 |
| Remove unit | 13 |


| Peasant | 22 | 1650 | / | 0 |
| Footman | 6 | 810 | / | 0 |
| Rifleman | 36 | 7380 | / | 1080 |
| Priest | 14 | 1890 | / | 140 |
| Knight | 3 | 735 | / | 180 |
| Sorceress | 3 | 465 | / | 60 |
| Gnoll Brute | 1 | 215 | / | 20 |
| Gnoll Warden | 1 | 215 | / | 20 |
| total: | 86 | 13360g | / | 1500w |
| Scout Tower | 26 | 780 | / | 520 |
| Guard Tower | 12 | 840 | / | 600 |
| Arcane Tower | 2 | 140 | / | 100 |
| Altar of Kings | 1 | 180 | / | 50 |
| Farm | 13 | 1040 | / | 260 |
| Barracks | 1 | 160 | / | 60 |
| Lumber Mill | 1 | 120 | / | 0 |
| Blacksmith | 1 | 140 | / | 60 |
| Town Hall | 4 | 1540 | / | 820 |
| Arcane Vault | 1 | 130 | / | 30 |
| Arcane Sanctum | 1 | 150 | / | 140 |
| Keep | 1 | 320 | / | 210 |
| Castle | 1 | 360 | / | 210 |
| total: | 49 | 4240g | / | 1940w |
| 0:02 | Peasant |
| 0:06 | Altar of Kings |
| 0:10 | Peasant |
| 0:20 | Peasant |
| 0:22 | Peasant |
| 0:40 | Farm |
| 0:44 | Peasant |
| 0:49 | Barracks |
| 0:54 | Farm |
| 0:59 | Peasant |
| 1:22 | Peasant |
| 1:30 | Lumber Mill |
| 1:56 | Farm |
| 2:16 | Farm |
| 2:18 | Summon Water Elemental |
| 2:22 | Footman |
| 2:22 | Footman |
| 2:35 | Footman |
| 2:58 | Footman |
| 3:04 | Keep |
| 3:27 | Blacksmith |
| 3:37 | Footman |
| 3:47 | Brilliance Aura |
| 4:13 | Footman |
| 4:40 | Rifleman |
| 4:42 | Black Gunpowder |
| 4:47 | Rifleman |
| 5:08 | Town Hall |
| 5:26 | Gnoll Brute |
| 5:48 | Summon Water Elemental |
| 6:00 | Gnoll Warden |
| 6:31 | Rifleman |
| 6:31 | Rifleman |
| 7:02 | Refined Gunpowder |
| 7:02 | Studded Leather Armor |
| 7:05 | Peasant |
| 7:45 | Peasant |
| 7:45 | Peasant |
| 7:48 | Peasant |
| 7:48 | Peasant |
| 7:50 | Improved Lumber Harvesting |
| 8:04 | Peasant |
| 8:13 | Arcane Sanctum |
| 8:44 | Rifleman |
| 8:44 | Rifleman |
| 9:18 | Farm |
| 9:19 | Farm |
| 9:20 | Farm |
| 10:18 | Scout Tower |
| 10:19 | Scout Tower |
| 10:19 | Scout Tower |
| 10:20 | Scout Tower |
| 10:20 | Scout Tower |
| 10:21 | Scout Tower |
| 10:38 | Priest |
| 10:39 | Priest |
| 10:39 | Priest Adept Training |
| 10:42 | Rifleman |
| 10:42 | Rifleman |
| 10:42 | Rifleman |
| 10:45 | Long Rifles |
| 10:51 | Peasant |
| 10:52 | Peasant |
| 10:52 | Peasant |
| 10:52 | Peasant |
| 10:56 | Scout Tower |
| 10:57 | Scout Tower |
| 10:58 | Scout Tower |
| 10:59 | Scout Tower |
| 11:00 | Scout Tower |
| 11:01 | Scout Tower |
| 11:16 | Farm |
| 11:42 | Brilliance Aura |
| 11:55 | Rifleman |
| 11:56 | Rifleman |
| 11:56 | Rifleman |
| 11:59 | Guard Tower |
| 12:04 | Farm |
| 12:21 | Peasant |
| 12:21 | Peasant |
| 12:26 | Peasant |
| 12:26 | Peasant |
| 12:28 | Guard Tower |
| 12:34 | Guard Tower |
| 13:06 | Castle |
| 14:22 | Town Hall |
| 14:27 | Scout Tower |
| 14:28 | Scout Tower |
| 14:29 | Scout Tower |
| 14:30 | Scout Tower |
| 14:30 | Scout Tower |
| 14:31 | Scout Tower |
| 14:37 | Scout Tower |
| 14:45 | Sorceress Adept Training |
| 14:46 | Priest |
| 14:46 | Priest |
| 14:48 | Rifleman |
| 14:48 | Rifleman |
| 14:49 | Rifleman |
| 14:49 | Rifleman |
| 14:49 | Rifleman |
| 14:49 | Rifleman |
| 14:49 | Rifleman |
| 14:56 | Farm |
| 14:56 | Farm |
| 15:45 | Guard Tower |
| 16:27 | Animal War Training |
| 16:28 | Sundering Blades |
| 16:29 | Knight |
| 16:33 | Priest Master Training |
| 16:35 | Priest |
| 16:35 | Priest |
| 17:06 | Priest |
| 17:07 | Knight |
| 17:08 | Knight |
| 17:09 | Iron Forged Swords |
| 17:10 | Iron Plating |
| 17:13 | Reinforced Leather Armor |
| 17:14 | Imbued Gunpowder |
| 17:16 | Improved Masonry |
| 17:48 | Town Hall |
| 18:28 | Rifleman |
| 18:31 | Rifleman |
| 18:31 | Rifleman |
| 18:36 | Farm |
| 19:21 | Rifleman |
| 19:22 | Rifleman |
| 19:26 | Farm |
| 20:53 | Dragonhide Armor |
| 20:55 | Advanced Masonry |
| 21:04 | Devotion Aura |
| 21:09 | Steel Forged Swords |
| 21:09 | Steel Plating |
| 21:12 | Guard Tower |
| 21:13 | Guard Tower |
| 22:42 | Scout Tower |
| 22:43 | Scout Tower |
| 22:44 | Scout Tower |
| 22:44 | Scout Tower |
| 22:45 | Scout Tower |
| 22:46 | Scout Tower |
| 22:48 | Scout Tower |
| 22:58 | Rifleman |
| 22:58 | Rifleman |
| 22:59 | Rifleman |
| 23:28 | Sorceress Master Training |
| 23:29 | Priest |
| 23:29 | Priest |
| 23:29 | Priest |
| 23:56 | Guard Tower |
| 23:57 | Guard Tower |
| 23:58 | Guard Tower |
| 23:59 | Arcane Tower |
| 24:04 | Town Hall |
| 24:23 | Guard Tower |
| 25:32 | Rifleman |
| 25:32 | Rifleman |
| 25:36 | Rifleman |
| 25:38 | Priest |
| 25:42 | Sorceress |
| 25:50 | Arcane Vault |
| 25:54 | Peasant |
| 25:57 | Rifleman |
| 26:14 | Rifleman |
| 26:58 | Guard Tower |
| 27:00 | Guard Tower |
| 27:02 | Arcane Tower |
| 27:11 | Sorceress |
| 27:12 | Sorceress |
| 27:12 | Priest |
| 27:13 | Priest |
| 27:13 | Priest |
| 27:16 | Rifleman |
| 27:57 | Rifleman |
| 27:58 | Rifleman |
| 27:58 | Rifleman |
| Right click | 655 |
| Select | 517 |
| Build/train/purchase | 151 |
| Misc. action | 65 |
| Minimap ping | 13 |
| Select group | 12 |
| Remove unit | 9 |
| Assign group | 8 |
| Use ability | 8 |
| Item give/drop | 4 |



| Scroll of Healing | 2 | 500 |
| total: | 2 | 500g |
| Peasant | 21 | 1575 | / | 0 |
| Footman | 32 | 4320 | / | 0 |
| Rifleman | 16 | 3280 | / | 480 |
| Priest | 23 | 3105 | / | 230 |
| Mortar Team | 14 | 2520 | / | 980 |
| Knight | 4 | 980 | / | 240 |
| Gryphon Rider | 3 | 840 | / | 210 |
| Ogre Magi | 1 | 320 | / | 50 |
| total: | 114 | 16940g | / | 2190w |
| Scout Tower | 4 | 120 | / | 80 |
| Altar of Kings | 1 | 180 | / | 50 |
| Farm | 12 | 960 | / | 240 |
| Lumber Mill | 1 | 120 | / | 0 |
| Barracks | 1 | 160 | / | 60 |
| Blacksmith | 1 | 140 | / | 60 |
| Town Hall | 2 | 770 | / | 410 |
| Arcane Vault | 2 | 260 | / | 60 |
| Arcane Sanctum | 1 | 150 | / | 140 |
| Workshop | 2 | 280 | / | 280 |
| Gryphon Aviary | 1 | 140 | / | 150 |
| Keep | 1 | 320 | / | 210 |
| Castle | 1 | 360 | / | 210 |
| total: | 28 | 3280g | / | 1530w |
| 0:07 | Altar of Kings |
| 0:08 | Peasant |
| 0:08 | Peasant |
| 0:08 | Peasant |
| 0:16 | Farm |
| 0:48 | Lumber Mill |
| 1:00 | Farm |
| 1:04 | Peasant |
| 1:05 | Peasant |
| 1:05 | Peasant |
| 1:07 | Peasant |
| 1:08 | Peasant |
| 1:49 | Farm |
| 1:57 | Barracks |
| 2:24 | Divine Shield |
| 2:32 | Farm |
| 3:06 | Footman |
| 3:06 | Footman |
| 3:11 | Keep |
| 3:27 | Blacksmith |
| 4:03 | Footman |
| 4:04 | Footman |
| 4:50 | Iron Forged Swords |
| 4:55 | Rifleman |
| 4:55 | Rifleman |
| 4:55 | Rifleman |
| 4:55 | Rifleman |
| 5:06 | Holy Light |
| 5:25 | Farm |
| 5:33 | Black Gunpowder |
| 5:35 | Improved Lumber Harvesting |
| 5:43 | Arcane Sanctum |
| 5:54 | Iron Plating |
| 6:18 | Footman |
| 6:19 | Footman |
| 6:19 | Rifleman |
| 6:19 | Rifleman |
| 6:25 | Farm |
| 7:41 | Devotion Aura |
| 7:55 | Town Hall |
| 8:01 | Farm |
| 8:03 | Priest Adept Training |
| 8:05 | Priest |
| 8:05 | Priest |
| 8:09 | Priest |
| 8:36 | Footman |
| 8:36 | Footman |
| 8:38 | Long Rifles |
| 8:39 | Footman |
| 8:40 | Footman |
| 8:40 | Footman |
| 9:47 | Footman |
| 9:47 | Rifleman |
| 9:47 | Rifleman |
| 10:21 | Scroll of Healing |
| 10:31 | Scroll of Healing |
| 10:48 | Farm |
| 10:49 | Farm |
| 10:50 | Farm |
| 11:43 | Ogre Magi |
| 12:06 | Peasant |
| 12:07 | Peasant |
| 12:07 | Peasant |
| 12:07 | Peasant |
| 12:47 | Steel Forged Swords |
| 12:53 | Castle |
| 13:01 | Refined Gunpowder |
| 13:13 | Priest |
| 13:13 | Priest |
| 13:24 | Farm |
| 13:25 | Farm |
| 14:34 | Black Arrow |
| 15:17 | Workshop |
| 15:21 | Mithril Forged Swords |
| 15:43 | Peasant |
| 15:43 | Peasant |
| 15:43 | Peasant |
| 15:43 | Peasant |
| 15:43 | Peasant |
| 17:32 | Mortar Team |
| 17:32 | Mortar Team |
| 17:33 | Mortar Team |
| 17:33 | Mortar Team |
| 17:33 | Mortar Team |
| 17:34 | Fragmentation Shards |
| 17:39 | Imbued Gunpowder |
| 17:47 | Workshop |
| 18:14 | Advanced Lumber Harvesting |
| 18:55 | Priest Master Training |
| 19:06 | Summon Water Elemental |
| 19:29 | Mortar Team |
| 19:29 | Mortar Team |
| 19:33 | Sundering Blades |
| 19:56 | Animal War Training |
| 20:23 | Town Hall |
| 20:30 | Arcane Vault |
| 20:31 | Arcane Vault |
| 21:05 | Mortar Team |
| 21:24 | Peasant |
| 21:24 | Peasant |
| 21:58 | Priest |
| 21:58 | Priest |
| 21:58 | Priest |
| 21:59 | Priest |
| 21:59 | Priest |
| 21:59 | Priest |
| 27:13 | Mortar Team |
| 27:13 | Mortar Team |
| 27:13 | Mortar Team |
| 27:13 | Mortar Team |
| 27:14 | Mortar Team |
| 27:14 | Mortar Team |
| 27:51 | Footman |
| 27:52 | Footman |
| 27:52 | Footman |
| 27:53 | Knight |
| 27:53 | Knight |
| 27:53 | Knight |
| 27:54 | Knight |
| 27:56 | Priest |
| 27:56 | Priest |
| 27:56 | Priest |
| 27:56 | Priest |
| 28:59 | Gryphon Aviary |
| 29:13 | Scout Tower |
| 29:15 | Scout Tower |
| 29:16 | Scout Tower |
| 29:16 | Scout Tower |
| 29:18 | Peasant |
| 29:18 | Peasant |
| 30:57 | Footman |
| 30:57 | Footman |
| 30:57 | Footman |
| 30:57 | Footman |
| 30:58 | Footman |
| 30:59 | Footman |
| 30:59 | Footman |
| 30:59 | Footman |
| 31:13 | Priest |
| 31:13 | Priest |
| 31:13 | Priest |
| 31:13 | Priest |
| 31:13 | Priest |
| 31:14 | Priest |
| 31:14 | Priest |
| 31:14 | Priest |
| 32:37 | Footman |
| 32:37 | Footman |
| 32:37 | Footman |
| 32:38 | Footman |
| 32:39 | Footman |
| 32:39 | Footman |
| 32:40 | Footman |
| 32:41 | Flying Machine Bombs |
| 32:49 | Storm Hammers |
| 32:49 | Gryphon Rider |
| 32:50 | Gryphon Rider |
| 32:50 | Gryphon Rider |
| 33:03 | Rifleman |
| 33:03 | Rifleman |
| 33:03 | Rifleman |
| 33:03 | Rifleman |
| 33:03 | Rifleman |
| 33:04 | Rifleman |
| 33:04 | Rifleman |
| 33:04 | Rifleman |
| 33:59 | Footman |
| 34:00 | Footman |
| Right click | 840 |
| Select | 408 |
| Select group | 164 |
| Build/train/purchase | 162 |
| Use ability | 18 |
| Remove unit | 17 |
| Assign group | 10 |
| Misc. action | 2 |
| Minimap ping | 2 |